 Dungeon Crawl Stone Soup version 0.29-a0-40-g8eb35efe60 (webtiles) character file.

Game seed: 1178156136794582581

11340 robertstho the Cleaver (level 11, -12/104 HPs)
             Began as a Minotaur Berserker on Feb 1, 2022.
             Was a Priest of Trog.
             Killed from afar by a deep elf pyromancer (36 damage)
             ... with a bolt of fire
             ... on level 9 of the Dungeon.
             The game lasted 00:14:59 (11636 turns).

robertstho the Cleaver (Minotaur Berserker)        Turns: 11636, Time: 00:15:00

Health: -12/104    AC: 15    Str: 24    XL:     11   Next: 48%
Magic:  10/10      EV: 10    Int:  4    God:    Trog [***...]
Gold:   502        SH:  5    Dex: 16    Spells: 10/10 levels left

rFire   . . .      SeeInvis .   g - +0 war axe
rCold   + + .      Faith    .   j - +0 buckler
rNeg    + . .      Spirit   .   m - +0 chain mail
rPois   .          Reflect  .   (helmet restricted)
rElec   .          Harm     .   (no cloak)
rCorr   .          Rampage  .   q - +0 pair of gloves
Will    ++...                   y - +0 pair of boots
Stlth   ..........              (no amulet)
HPRegen 1.27/turn               f - ring of positive energy
MPRegen 0.12/turn               z - ring "Zidoubij" {rC++ Int-2 Dex+6}

@: on fire, strong-willed, on berserk cooldown, regenerating, slowed, glowing,
very slow
A: horns 2, retaliatory headbutt
a: Renounce Religion, Berserk, Trog's Hand


You were on level 9 of the Dungeon.
You worshipped Trog.
Trog was most pleased with you.
You visited 1 branch of the dungeon, and saw 9 of its levels.

You collected 616 gold pieces.
You spent 114 gold pieces at shops.

Inventory:

Hand Weapons
 e - a +3 flail of holy wrath
 g - a +0 war axe (weapon)
 n - a +0 short sword of flaming
Missiles
 k - 2 throwing nets (quivered)
Armour
 j - a +0 buckler (worn)
 m - a +0 chain mail (worn)
 q - a +0 pair of gloves (worn)
 y - a +0 pair of boots (worn)
Jewellery
 f - a ring of positive energy (left hand)
 z - the ring "Zidoubij" (right hand) {rC++ Int-2 Dex+6}
   (You found it on level 7 of the Dungeon)

   [ring of dexterity]

   Int:       It affects your intelligence (-2).
   Dex:       It affects your dexterity (+6).
   rC:        It greatly protects you from cold.
Wands
 r - a wand of flame (50)
 w - a wand of acid (13)
 A - a wand of iceblast (2)
Scrolls
 a - 2 scrolls of fog {unknown}
 d - 2 scrolls of teleportation
 s - a scroll of immolation {unknown}
 x - a scroll of enchant armour
 D - a scroll of magic mapping
Potions
 b - a potion of invisibility
 c - a potion of mutation {unknown}
 h - a potion of berserk rage {unknown}
 i - a potion of might {unknown}
 l - 3 potions of ambrosia
 o - a potion of magic {unknown}
 p - a potion of heal wounds {unknown}
 t - a potion of lignification {unknown}
 B - a potion of experience {unknown}
 C - a potion of brilliance {unknown}


   Skills:
 * Level 12.1 Fighting
 + Level 13.1 Axes
 * Level 12.1 Armour
 + Level 5.0 Dodging
 + Level 1.7 Stealth
 + Level 3.1 Shields
 + Level 0.5 Evocations


You had 10 spell levels left.
You didn't know any spells.
Your spell library was empty.

Dungeon Overview and Level Annotations

Branches:
Dungeon (9/15)             Temple (0/1) D:4            Lair (0/6) D:8
    Orc: D:9-12

Altars:
Dithmenos
Gozag
Makhleb
Wu Jian
Zin

Shops:
D:3 (   D:5 *


Innate Abilities, Weirdness & Mutations

You have a pair of horns on your head.
You reflexively headbutt those who attack you in melee.


Message History

You are no longer berserk.
You are exhausted.
You feel yourself slow down.
You hear a shout! x5
You start resting.
Something unseen breaks down the door.
The deep elf pyromancer misses you.
An orc wizard comes into view. It is wielding a +0 dagger.
You fail to use your ability.
The deep elf pyromancer hits you but does no damage.
Unknown command.
Your ogre goes berserk!
The deep elf pyromancer hits you with a +0 dagger.
The orc wizard casts a spell at you. The puff of flame hits your ogre!
The deep elf pyromancer points at you and mumbles some strange words.
The sticky flame hits you.
You are covered in liquid flames!
You hit the deep elf pyromancer. You headbutt the deep elf pyromancer!
The deep elf pyromancer is moderately wounded.
You are covered in liquid flames!
* * * LOW HITPOINT WARNING * * *
The deep elf pyromancer hits you but does no damage.
Your ogre closely misses the orc wizard.
Unknown command.
Your skin crawls.
You feel strong-willed.
You can no longer call in reinforcements.
You are covered in liquid flames!
* * * LOW HITPOINT WARNING * * *
Your ogre hits the orc wizard with a +0 giant spiked club!!!
The orc wizard dies!
Trog accepts your kill.
Trog appreciates your killing of a magic user.
The deep elf pyromancer gestures wildly while chanting.
The deep elf pyromancer blinks!
An orc priest comes into view. It is wielding a +0 hand axe.
The deep elf pyromancer casts a spell at you.
The bolt of fire hits you!!!
You die...

.............#
.........>...
...........#
..........#
#......e..#
#.........#
#.........#
#.@..O)..o. #.....#
###§#####.# #.....#
#.#
#.....#######'######
#..................#
#..............#####
#..............#
#..........§...#
#####..........#


You could see a deep elf pyromancer, an orc priest and a friendly ogre
(summoned, berserk).

Vanquished Creatures
  A centaur warrior (D:9)
  A two-headed ogre (D:8)
  A wizard (D:9)
  The ghost of soggyman666 the Chopper, a novice HOMo of Beogh (D:5)
  The ghost of BubbleThief the Insei, a novice DgTm (D:7)
  A cyclops (D:7)
  An ugly thing (D:9)
  2 polar bears (D:8)
  A slime creature (D:9)
  3 wyverns (D:8)
  A wraith (D:9)
  7 yaks
  2 steam dragons
  Edmund (D:5)
  7 water moccasins
  Duvessa (D:4)
  3 ice beasts
  2 sky beasts
  A black bear (D:5)
  A necrophage (D:7)
  An orc warrior (D:8)
  5 ogres
  10 centaurs
  4 kobold brigands
  Blork the orc (D:5)
  3 bullfrogs
  A scorpion (D:8)
  A water moccasin zombie (D:5)
  A hornet simulacrum (D:8)
  Dowan (D:4)
  9 wights
  A bullfrog zombie (D:5)
  6 quasits (D:7)
  9 hounds
  A centaur zombie (D:8)
  5 orc priests
  A centaur skeleton (D:7)
  A jelly (D:4)
  A gnoll shaman (D:5)
  5 iguanas
  Natasha (thrice) (D:3)
  11 orc wizards
  A centaur simulacrum (D:8)
  A howler monkey zombie (D:7)
  A killer bee simulacrum (D:8)
  15 gnolls
  A howler monkey skeleton (D:6)
  11 adders
  2 white imps
  An ufetubus (D:5)
  A worm (D:4)
  A dart slug (D:1)
  26 orcs
  6 endoplasms
  8 goblins
  14 hobgoblins
  3 jackals (D:5)
  9 kobolds
  9 ball pythons
  4 bats
  5 frilled lizards
  4 rats
243 creatures vanquished.

Vanquished Creatures (collateral kills)
  An orc wizard (D:9)
1 creature vanquished.

Vanquished Creatures (others)
  2 fungi (D:8)
  12 plants
14 creatures vanquished.

Grand Total: 258 creatures vanquished

Notes
Turn   | Place    | Note
-------+----------+-------------------------------------------
     0 | D:1      | robertstho the Minotaur Berserker began the quest for the
                  | Orb.
     0 | D:1      | Reached XP level 1. HP: 19/19 MP: 0/0
   241 | D:1      | Reached XP level 2. HP: 27/27 MP: 1/1
   675 | D:1      | Reached skill level 4 in Axes
   839 | D:2      | Found a faded altar of an unknown god.
   918 | D:2      | Reached XP level 3. HP: 32/34 MP: 2/2
  1030 | D:2      | Reached ** piety under Trog
  1429 | D:2      | Reached XP level 4. HP: 38/41 MP: 3/3
  1589 | D:3      | Noticed Natasha
  1598 | D:3      | Killed Natasha
  1727 | D:3      | Found Mump's Weapon Shop.
  1846 | D:3      | Reached skill level 5 in Fighting
  2082 | D:3      | Reached XP level 5. HP: 33/48 MP: 4/4
  2382 | D:3      | Noticed Natasha
  2391 | D:3      | Killed Natasha
  2392 | D:3      | Reached skill level 5 in Axes
  2584 | D:3      | You fall into a shaft and drop 1 floor!
  2595 | D:4      | Found a staircase to the Ecumenical Temple.
  2868 | D:4      | Noticed an ogre
  2880 | D:4      | Killed an ogre
  2881 | D:4      | Reached XP level 6. HP: 53/56 MP: 5/5
  3258 | D:3      | Noticed Natasha
  3267 | D:3      | Killed Natasha
  3581 | D:4      | Noticed Dowan
  3582 | D:4      | Noticed Duvessa
  3587 | D:4      | Killed Dowan
  3588 | D:4      | Reached skill level 6 in Axes
  3592 | D:4      | Killed Duvessa
  3593 | D:4      | Reached XP level 7. HP: 21/63 MP: 6/6
  3603 | D:5      | Entered Level 5 of the Dungeon
  3603 | D:5      | Noticed Edmund
  3603 | D:5      | Found Fili's Assorted Antiques.
  3707 | D:5      | Reached skill level 1 in Shields
  3860 | D:5      | Found a runed translucent gate.
  3860 | D:5      | Found a runed translucent gate.
  3861 | D:5      | Found a runed translucent gate.
  3871 | D:5      | Noticed soggyman666's ghost (novice HOMo)
  4020 | D:5      | Reached skill level 5 in Armour
  4076 | D:5      | Reached skill level 7 in Axes
  4370 | D:5      | Found a burning altar of Makhleb.
  4403 | D:5      | Found a shadowy altar of Dithmenos.
  4466 | D:5      | Reached XP level 8. HP: 71/71 MP: 7/7
  4476 | D:5      | Killed Edmund
  4641 | D:5      | Bought a scroll labelled YQEOHU MAEHUX for 24 gold pieces
  4641 | D:5      | Bought a cyan potion for 21 gold pieces
  4641 | D:5      | Bought a brown potion for 21 gold pieces
  4641 | D:5      | Bought a scroll of identify for 48 gold pieces
  4901 | D:5      | Noticed Blork the orc
  4905 | D:5      | Killed Blork the orc
  5261 | D:4      | Found an ornate altar of the Wu Jian Council.
  5591 | D:4      | Found an opulent altar of Gozag.
  5649 | D:4      | Found a glowing silver altar of Zin.
  5739 | D:4      | Reached skill level 8 in Axes
  6115 | D:5      | Killed soggyman666's ghost
  6116 | D:5      | Reached XP level 9. HP: 82/82 MP: 8/8
  6304 | D:6      | Reached skill level 9 in Axes
  6560 | D:6      | Reached skill level 1 in Stealth
  6790 | D:6      | Reached *** piety under Trog
  7817 | D:7      | Reached skill level 10 in Axes
  8037 | D:7      | Found a transporter.
  8142 | D:7      | Noticed a cyclops
  8151 | D:7      | Killed a cyclops
  8487 | D:7      | Reached XP level 10. HP: 88/93 MP: 9/9
  8505 | D:7      | Reached skill level 10 in Fighting
  8639 | D:7      | Reached skill level 11 in Axes
  8843 | D:7      | Found a transporter.
  8952 | D:7      | Noticed BubbleThief's ghost (novice DgTm)
  9299 | D:7      | Reached skill level 10 in Armour
  9303 | D:7      | Reached **** piety under Trog
  9308 | D:7      | Killed BubbleThief's ghost
  9310 | D:7      | Identified the ring "Zidoubij" {rC++ Int-2 Dex+6}
  9577 | D:8      | Noticed a two-headed ogre
  9586 | D:8      | Killed a two-headed ogre
  9916 | D:8      | Reached skill level 12 in Axes
 10173 | D:8      | Found a staircase to the Lair.
 10184 | D:8      | Reached XP level 11. HP: 81/102 MP: 10/10
 10485 | D:8      | Identified the +0 robe "Efinor" {rC+ rN++}
 11058 | D:9      | Reached skill level 5 in Dodging
 11095 | D:9      | Noticed a green ugly thing
 11103 | D:9      | Noticed a wizard
 11106 | D:9      | Killed a green ugly thing
 11117 | D:9      | Noticed a centaur warrior
 11120 | D:9      | Killed a wizard
 11121 | D:9      | Reached skill level 13 in Axes
 11391 | D:9      | Killed a centaur warrior
 11613 | D:9      | Noticed a deep elf pyromancer
 11636 | D:9      | Killed from afar by a deep elf pyromancer

Illustrated notes

Levels and vault maps discovered:
D:1:      wander_arrival_desolate, layout_basic
D:2:      layout_rooms, nicolae_ecumenical_pavilion, serial_bayou_pond_a
D:3:      layout_basic, serial_shops, nicolae_shop_hallway_plus, uniq_natasha
D:4:      layout_loops_cross, nzn_wu_jian_council_hall, grunt_gozag_statues,
          lemuel_tele_altar, minmay_temple_entry_mist, uniq_duvessa
D:5:      layout_loops_cross, mainiacjoe_overflow_swirl, serial_shops,
          nicolae_stop_n_shop_2, gammafunk_ghost_split, uniq_blork_the_orc,
          uniq_edmund
D:6:      layout_loops_cross, kennysheep_generic_room_6
D:7:      kennysheep_housing_project, layout_gridville,
          gammafunk_ghost_stat_death, hangedman_abyss_or_decor_stabs
D:8:      layout_rooms, minmay_lair_entry_grove, serial_ice, serial_ice_o,
          serial_ice_g, serial_ice_a, serial_ice_m, centaur_isle
D:9:      minmay_the_grid_four_pointed_star_mashed
          [minmay_the_grid_triangle_9x9_longest,
          minmay_the_grid_triangle_9x9_sparse_checkered,
          minmay_the_grid_triangle_9x9_shrine,
          minmay_the_grid_triangle_9x9_steps,
          minmay_the_grid_prize_four_corners], layout_basic,
          mainiacjoe_overflow_cross_hatched, uniq_gastronok

Skill      XL: |  1  2  3  4  5  6  7  8  9 10 11 |
---------------+----------------------------------+-----
Fighting       | 4 5 6 8 9 11 12 | 12.1
Axes           | 4 5 6 7 8 10 12 13 | 13.1
Armour         | 3 4 5 8 9 11 12 | 12.1
Dodging        | 3 4 5 |  5.0
Shields        | 1 2 3 |  3.1
Stealth        | 1 |  1.7
Evocations     | |  0.5

Action                   |  1- 3 |  4- 6 |  7- 9 | 10-12 || total
-------------------------+-------+-------+-------+-------++-------
Melee: Hand axe          |    72 |   101 |    63 |       ||   236
       Headbutt          |     8 |    15 |    45 |    37 ||   105
       War axe           |       |       |   195 |   188 ||   383
Invok: Berserk           |     1 |     5 |    12 |     8 ||    26
       Trog's Hand       |       |     1 |     1 |     3 ||     5
       Brothers in Arms  |       |       |       |     2 ||     2
Evoke: Wand              |       |       |       |     6 ||     6
  Use: Potion            |       |     2 |     1 |     3 ||     6
       Scroll            |       |     4 |     4 |     5 ||    13
Armor: Animal skin       |    14 |     4 |       |       ||    18
       Chain mail        |       |     1 |   130 |   127 ||   258
Dodge: Dodged            |    54 |    47 |   114 |   126 ||   341
Block: Buckler           |       |     9 |    31 |    47 ||    87

Table legend: (Time is in decaauts)
 A = Elapsed time spent in this place.
 B = Non-inter-level travel time spent in this place.
 C = Inter-level travel time spent in this place.
 D = Time resting spent in this place.
 E = Time spent auto-exploring this place.
 F = Levels seen in this place.
 G = Mean time per level.
                   A        B        C        D        E       F      G
               +--------+--------+--------+--------+--------+-----+--------+
         Total |  11886 |  11474 |    412 |   2380 |   7346 |   9 | 1320.7 |
       Dungeon |  11886 |  11474 |    412 |   2380 |   7346 |   9 | 1320.7 |
               +--------+--------+--------+--------+--------+-----+--------+

Top non-repeatable levels by time:
     D:7: 2069 daAuts
     D:5: 1818 daAuts
     D:3: 1681 daAuts
     D:8: 1492 daAuts
     D:4: 1327 daAuts
     D:6: 1238 daAuts
     D:1: 842 daAuts
     D:2: 744 daAuts
     D:9: 669 daAuts
